Map: [TLMC15] Glittering Ashes

Players

Neeblet (Neeb) - Winner!

  • Race: Protoss Protoss

Reynor

  • Race: Zerg Zerg
  • League: Master

VOD

Have the link to the VOD?

Description

Time

  • Played on: Oct. 21, 2021, 8:32 a.m.
  • Length: 43:14
Show
View Real Time Build Order
Export as new Build Order

Neeblet Protoss - Winner!

Build Orders: 1 Gate Expand, Oracle Opening, Carriers 

Get SALT Encoding   

  12  0:00  Probe  
  13  0:12  Probe  
  14  0:19  Pylon  
  14  0:24  Probe  
  15  0:37  Probe (Chrono Boost)  
  15  0:41  Gateway  
  16  0:47  Probe (Chrono Boost)  
  17  0:50  Assimilator  
  17  0:52  Probe (Chrono Boost)  
  18  1:04  Probe  
  19  1:16  Probe  
  20  1:26  Nexus  
  20  1:35  Cybernetics Core  
  20  1:39  Probe  
  21  1:46  Assimilator  
  21  1:51  Probe  
  22  1:55  Pylon  
  22  2:03  Probe (Chrono Boost)  
  23  2:13  Adept  
  23  2:15  Probe (Chrono Boost)  
  26  2:20  Probe (Chrono Boost)  
  27  2:24  Stargate  
  27  2:29  Probe (Chrono Boost)  
  28  2:32  Warp Gate  
  28  2:39  Probe (Chrono Boost)  
  28  2:41  Probe (Chrono Boost)  
  28  2:42  Adept  
  32  2:48  Probe x2 (Chrono Boost)  
  34  2:53  Probe (Chrono Boost)  
  34  2:55  Probe  
  36  3:01  Pylon  
  36  3:03  Void Ray (Chrono Boost)  
  36  3:05  Probe  
  37  3:08  Probe  
  42  3:15  Adept  
  42  3:17  Probe  
  45  3:20  Gateway  
  45  3:22  Probe  
  46  3:29  Probe  
  46  3:32  Pylon  
  47  3:34  Probe  
  47  3:40  Oracle (Chrono Boost)  
  51  3:41  Probe  
  51  3:46  Probe  
  53  3:53  Probe  
  54  3:56  Nexus  
  54  4:00  Pylon  
  54  4:01  Probe  
  55  4:06  Assimilator x2  
  55  4:08  Probe  
  56  4:13  Stargate  
  56  4:14  Probe  
  57  4:20  Probe  
  58  4:26  Probe, Pylon  
  58  4:29  Forge  
  59  4:32  Probe  
  59  4:35  Void Ray (Chrono Boost)  
  60  4:38  Probe  
  60  4:44  Probe  
  66  4:48  Assimilator  
  66  4:49  Void Ray (Chrono Boost)  
  66  4:51  Probe  
  67  4:56  Probe  
  67  4:57  Assimilator  
  67  4:59  Shield Battery  
  72  5:02  Pylon  
  72  5:03  Probe  
  73  5:08  Probe  
  73  5:11  Probe  
  73  5:12  Void Ray (Chrono Boost)  
  75  5:15  Probe  
  75  5:20  Probe  
  81  5:23  Probe (Chrono Boost), Photon Cannon  
  81  5:25  Void Ray (Chrono Boost)  
  83  5:30  Probe (Chrono Boost)  
  83  5:35  Probe (Chrono Boost)  
  85  5:37  Probe (Chrono Boost)  
  85  5:40  Photon Cannon  
  86  5:43  Void Ray (Chrono Boost)  
  86  5:44  Probe x2 (Chrono Boost), Protoss Air Weapons Level 1  
  86  5:47  Probe (Chrono Boost)  
  86  5:49  Probe  
  92  5:52  Probe  
  92  5:54  Adept x2  
  92  5:57  Probe  
  99  6:02  Fleet Beacon  
  99  6:06  Stargate  
  99  6:08  Probe x2  
  101  6:24  Probe  
  98  6:30  Pylon x2  
  98  6:32  Pylon  
  98  6:33  Pylon  
  98  6:34  Pylon  
  98  6:37  Pylon  
  97  6:48  Carrier (Chrono Boost)  
  97  6:49  Carrier (Chrono Boost)  
  97  6:52  Pylon, Carrier (Chrono Boost)  
  115  6:57  Pylon  
  115  7:06  Photon Cannon  
  115  7:08  Shield Battery  
  115  7:10  Photon Cannon  
  115  7:11  Shield Battery, Photon Cannon  
  115  7:12  Probe  
  115  7:15  Photon Cannon  
  116  7:20  Photon Cannon  
  116  7:22  Photon Cannon  
  116  7:28  Flux Vanes  
  115  7:33  Nexus  
  115  7:35  Pylon  
  115  7:38  Void Ray (Chrono Boost)  
  115  7:39  Void Ray x2 (Chrono Boost)  
  127  7:46  Probe x3  
  127  7:50  Sentry  
  132  7:54  Photon Cannon  
  132  7:57  Photon Cannon  
  132  7:58  Shield Battery, Probe  
  133  8:00  Probe x2  
  134  8:10  Probe, Void Ray  
  134  8:11  Void Ray  
  133  8:13  Probe  
  133  8:15  Probe  
  138  8:22  Probe  
  138  8:25  Probe  
  138  8:27  Probe  
  141  8:28  Assimilator  
  141  8:32  Assimilator  
  141  8:34  Pylon  
  141  8:37  Photon Cannon  
  141  8:39  Photon Cannon  
  141  8:40  Void Ray  
  145  8:54  Zealot x2  
  149  8:58  Protoss Air Weapons Level 2 (Chrono Boost)  
  149  9:08  Mothership  
  153  9:11  Shield Battery  
  153  9:12  Photon Cannon  
  153  9:13  Shield Battery  
  153  9:14  Protoss Shields Level 1  
  153  9:15  Photon Cannon  
  153  9:21  Probe x2  
  153  9:22  Probe  
  160  9:33  Probe  
  160  9:36  Probe  
  160  9:37  Probe  
  163  9:38  Photon Cannon  
  163  9:40  Photon Cannon  
  163  9:41  Carrier (Chrono Boost)  
  163  9:42  Photon Cannon  
  167  9:47  Carrier (Chrono Boost)  
  173  9:53  Carrier (Chrono Boost)  
  173  9:55  Probe  
  173  9:57  Probe  
  173  9:58  Probe  
  159  10:00  Pylon  
  159  10:07  Probe  
  159  10:09  Probe  
  159  10:10  Probe, Cybernetics Core  
  159  10:12  Twilight Council  
  162  10:19  Probe  
  162  10:20  Photon Cannon  
  162  10:21  Probe  
  164  10:22  Photon Cannon  
  164  10:24  Pylon  
  164  10:25  Probe  
  165  10:33  Probe  
  166  10:37  Probe x2  
  168  10:44  Pylon  
  168  10:45  Probe, Gateway  
  168  10:49  Robotics Facility, Probe, Gateway  
  170  10:51  Probe, Gateway  
  171  10:58  Charge  
  171  11:01  Protoss Air Armor Level 1 (Chrono Boost), Templar Archives  
  171  11:03  Protoss Air Weapons Level 3 (Chrono Boost)  
  171  11:26  Gateway  
  171  11:27  Gateway  
  171  11:29  Gateway  
  171  11:30  Nexus  
  171  11:35  Pylon, Protoss Ground Weapons Level 1 (Chrono Boost)  
  171  11:36  Observer  
  171  11:38  Psionic Storm, Assimilator  
  171  11:39  Assimilator  
  172  11:42  Stargate  
  172  11:45  Stargate  
  172  11:47  Stargate  
  172  11:52  High Templar  
  172  11:53  High Templar x4  
  182  12:01  Photon Cannon  
  182  12:02  Photon Cannon  
  182  12:03  Photon Cannon  
  182  12:04  Photon Cannon  
  182  12:05  Shield Battery  
  181  12:15  Probe  
  173  12:18  Probe x3  
  171  12:27  Probe  
  171  12:28  Pylon  
  172  12:30  Probe x3, High Templar x4  
  172  12:31  High Templar x4  
  191  12:39  Archon, Probe  
  191  12:40  Archon x3  
  191  12:42  Probe x3  
  191  12:43  Protoss Air Armor Level 2 (Chrono Boost)  
  195  12:56  Pylon  
  195  13:16  Photon Cannon  
  195  13:17  Photon Cannon  
  195  13:18  Photon Cannon  
  195  13:20  Dark Shrine, Photon Cannon  
  195  13:21  High Templar  
  195  13:22  High Templar, Photon Cannon  
  195  13:24  Photon Cannon  
  195  13:25  Gateway  
  195  13:26  Pylon, Gateway  
  199  13:28  Gateway  
  199  13:29  Gateway  
  199  13:30  Pylon, Photon Cannon  
  199  13:37  Protoss Shields Level 2 (Chrono Boost)  
  199  13:42  Pylon x2  
  199  13:53  Photon Cannon  
  199  13:54  Photon Cannon  
  199  13:56  Photon Cannon  
  199  13:57  Photon Cannon  
  199  13:59  Shield Battery  
  199  14:16  Photon Cannon  
  199  14:17  Photon Cannon x2  
  199  14:19  Photon Cannon  
  199  14:24  Photon Cannon  
  199  14:26  Photon Cannon  
  199  14:28  Photon Cannon  
  199  14:30  Photon Cannon  
  199  14:33  Pylon  
  199  14:44  Photon Cannon  
  199  14:47  Photon Cannon x2  
  199  14:49  Photon Cannon  
  199  14:50  Photon Cannon  
  199  14:52  Photon Cannon  
  199  14:53  Shadow Stride  
  199  14:56  Dark Templar  
  196  15:29  High Templar x2  
  200  15:36  Photon Cannon  
  200  15:38  Photon Cannon  
  200  15:41  Photon Cannon  
  200  15:42  Protoss Shields Level 3 (Chrono Boost)  
  200  15:44  Photon Cannon  
  200  15:46  Photon Cannon  
  200  15:48  Photon Cannon  
  200  15:50  Photon Cannon  
  200  15:53  Photon Cannon  
  200  16:00  Protoss Air Armor Level 3 (Chrono Boost)  
  200  16:10  Pylon  
  200  16:30  Nexus  
  200  16:32  Pylon  
  200  16:35  Assimilator  
  200  16:37  Assimilator  
  200  16:39  Photon Cannon  
  200  16:40  Photon Cannon  
  200  16:42  Photon Cannon  
  200  16:45  Shield Battery  
  184  16:54  High Templar  
  184  16:55  High Templar  
  184  16:56  Probe x3 (Chrono Boost)  
  184  16:57  Probe (Chrono Boost)  
  184  16:58  Probe (Chrono Boost)  
  191  17:06  Probe x4 (Chrono Boost)  
  191  17:07  Probe (Chrono Boost)  
  188  17:11  Probe x4 (Chrono Boost)  
  188  17:13  Probe  
  188  17:14  Pylon  
  193  17:16  Pylon  
  193  17:22  Probe x3  
  196  17:23  Probe  
  196  17:25  Probe  
  198  17:34  Probe x2  
  200  17:51  Photon Cannon  
  200  17:52  Stargate  
  200  17:53  Stargate, Photon Cannon  
  200  17:55  Photon Cannon  
  200  17:56  Stargate  
  200  17:57  Photon Cannon  
  200  17:58  Shield Battery  
  200  18:00  Stargate, Photon Cannon  
  200  18:02  Photon Cannon  
  200  18:03  Pylon  
  200  18:41  Carrier x2  
  192  18:50  Probe  
  185  18:58  Carrier x2  
  175  19:03  Zealot x10  
  175  19:04  Zealot x2  
  175  19:07  Probe  
  200  19:13  Photon Cannon  
  200  19:16  Photon Cannon  
  200  19:18  Photon Cannon  
  200  19:19  Photon Cannon  
  200  19:24  Protoss Ground Weapons Level 2 (Chrono Boost)  
  194  19:32  Mothership (Chrono Boost)  
  192  19:46  Photon Cannon  
  192  19:48  Photon Cannon  
  192  19:50  Photon Cannon  
  190  19:53  Dark Templar x2  
  188  20:12  Photon Cannon  
  186  20:15  Photon Cannon  
  186  20:17  Photon Cannon  
  186  20:20  Photon Cannon  
  176  20:23  Photon Cannon  
  176  20:44  Carrier  
  176  20:45  Carrier x3  
  200  21:14  Pylon, Nexus  
  200  21:17  Assimilator x2  
  200  21:37  Shield Battery  
  200  21:39  Shield Battery  
  200  21:41  Shield Battery  
  200  22:17  Photon Cannon  
  200  22:20  Photon Cannon  
  200  22:24  Photon Cannon  
  200  22:26  Photon Cannon x2  
  200  22:27  Shield Battery  
  200  22:28  Photon Cannon  
  200  22:29  Shield Battery  
  200  22:33  Photon Cannon  
  200  22:35  Pylon  
  200  22:43  Void Ray x4  
  198  22:58  Void Ray x3  
  191  22:59  Void Ray  
  191  23:00  Void Ray  
  191  23:01  Void Ray  
  181  23:23  Void Ray x4  
  170  23:34  Mothership (Chrono Boost)  
  170  23:35  Void Ray x3  
  186  23:46  Dark Templar x3  
  200  23:53  Void Ray  
  200  24:47  Photon Cannon  
  200  24:48  Photon Cannon  
  200  24:49  Photon Cannon  
  200  24:50  Photon Cannon  
  200  24:59  Archon  
  182  25:39  High Templar x2  
  182  25:42  Photon Cannon x3  
  178  25:46  Mothership (Chrono Boost)  
  181  25:58  Tempest (Chrono Boost)  
  181  25:59  Tempest x2 (Chrono Boost)  
  181  26:03  Tempest (Chrono Boost)  
  199  26:20  Protoss Ground Weapons Level 3 (Chrono Boost)  
  199  26:28  Observer (Chrono Boost)  
  199  26:32  Pylon, Nexus  
  200  26:37  Shield Battery  
  200  26:38  Shield Battery  
  200  26:44  Pylon  
  200  26:54  Photon Cannon  
  200  26:55  Photon Cannon  
  200  26:57  Photon Cannon x2  
  200  27:00  Photon Cannon  
  200  27:03  Shield Battery  
  200  27:04  Shield Battery  
  200  27:06  Shield Battery  
  200  27:15  Assimilator  
  200  27:17  Photon Cannon  
  200  27:19  Photon Cannon  
  200  27:21  Photon Cannon  
  200  27:23  Photon Cannon  
  200  28:05  Shield Battery x2  
  200  28:06  Shield Battery  
  200  28:09  Shield Battery x2  
  200  28:10  Unknown  
  200  28:12  Pylon  
  166  28:29  Tempest x4  
  166  28:30  Tempest x2  
  194  28:40  High Templar x2  
  194  28:41  High Templar  
  200  28:49  Photon Cannon  
  200  28:52  Photon Cannon  
  200  28:53  Photon Cannon  
  200  28:55  Oracle, Photon Cannon  
  198  28:57  Photon Cannon  
  198  29:00  Photon Cannon  
  198  29:03  Photon Cannon  
  198  29:04  Oracle  
  198  29:05  Photon Cannon  
  200  29:16  Dark Templar  
  199  30:15  Pylon  
  199  30:19  Shield Battery x2, Assimilator  
  199  30:21  Shield Battery  
  190  30:32  Probe  
  190  30:34  Pylon  
  191  30:38  Pylon  
  191  30:41  Void Ray x2, Pylon  
  179  30:43  Void Ray  
  179  30:44  Void Ray x5  
  179  30:45  Void Ray x2  
  152  30:57  High Templar x2  
  152  30:58  High Templar x3  
  152  30:59  Mothership  
  162  31:08  Probe, Dark Templar  
  165  31:12  Probe x2  
  165  31:13  Probe x2  
  165  31:14  Probe x2  
  171  31:20  Probe  
  171  31:24  Probe  
  171  31:25  Probe x2  
  182  31:26  Probe x2  
  181  31:47  Photon Cannon  
  181  31:49  Photon Cannon  
  181  31:55  Observer  
  181  31:59  Tempest  
  181  32:00  Tempest x4  
  199  32:12  Photon Cannon  
  199  32:14  Photon Cannon  
  199  32:17  Photon Cannon  
  199  32:18  Shield Battery  
  199  32:20  Shield Battery  
  199  32:22  Shield Battery  
  199  32:26  Shield Battery  
  199  32:32  Pylon  
  199  32:51  Pylon  
  199  32:55  Nexus  
  199  32:57  Photon Cannon  
  199  32:58  Photon Cannon, Assimilator  
  199  33:00  Photon Cannon  
  199  33:02  Photon Cannon  
  199  33:04  Photon Cannon  
  199  33:06  Shield Battery  
  199  33:07  Shield Battery, Assimilator  
  199  33:16  Photon Cannon x2  
  199  33:18  Photon Cannon  
  199  33:20  Photon Cannon  
  199  33:43  Tempest x2  
  199  34:09  Assimilator  
  199  34:10  Pylon  
  199  34:44  Dark Templar  
  185  35:07  Tempest x3  
  188  35:27  Tempest x2  
  198  35:32  Dark Templar, Assimilator  
  200  35:46  Shield Battery  
  200  35:48  Shield Battery  
  200  35:52  Shield Battery  
  200  35:53  Shield Battery  
  189  35:58  Mothership (Chrono Boost)  
  189  36:03  Tempest x2  
  194  36:13  Assimilator  
  194  36:16  Shield Battery  
  194  36:19  Shield Battery, Tempest  
  189  36:54  High Templar  
  195  37:10  Pylon  
  180  37:37  Zealot  
  180  37:38  Archon, Zealot x2  
  180  37:39  Zealot  
  180  37:45  High Templar x4  
  180  37:47  Dark Templar  
  180  37:48  Zealot x3  
  196  38:15  High Templar  
  196  38:19  Tempest  
  187  38:32  Zealot x2  
  187  38:33  Zealot x5  
  197  38:47  Dark Templar  
  199  38:54  Void Ray x2  
  162  39:19  Mothership (Chrono Boost)  
  162  39:20  Void Ray x6 (Chrono Boost)  
  162  39:21  Void Ray (Chrono Boost)  
  156  39:27  High Templar  
  156  39:28  High Templar x3  
  156  39:29  Void Ray (Chrono Boost)  
  176  39:35  High Templar x2  
  176  39:36  High Templar x4  
  186  39:42  Archon  
  186  39:43  Archon  
  190  39:55  Void Ray (Chrono Boost)  
  198  40:00  Void Ray (Chrono Boost)  
  197  40:13  Dark Templar  
  199  40:20  High Templar x4  
  195  40:21  High Templar  
  195  40:22  High Templar  
  199  40:28  Cybernetics Core  
  199  40:32  Archon x2, Gateway  
  176  41:12  Zealot x10  
  196  41:30  Pylon, Nexus  
  192  41:44  Robotics Facility  
  192  41:49  Zealot x3  
  192  41:50  Zealot  
  200  41:57  Shield Battery  
  200  41:58  Shield Battery  
  200  42:00  Shield Battery  
  178  42:23  Assimilator  
  178  42:27  Tempest  
  178  42:28  Tempest  
  178  42:29  Tempest x2  
  194  42:51  Dark Templar  
Show
View Real Time Build Order
Export as new Build Order

Reynor Zerg 

Build Orders: Hatch First 

Get SALT Encoding   

  12  0:00  Drone  
  13  0:12  Overlord  
  13  0:16  Drone  
  14  0:30  Drone x2  
  16  0:45  Drone  
  17  0:51  Hatchery  
  17  0:55  Drone  
  17  0:58  Drone  
  18  1:09  Extractor  
  17  1:14  Spawning Pool  
  17  1:17  Drone  
  17  1:19  Drone  
  18  1:28  Drone  
  19  1:38  Drone  
  20  1:49  Overlord  
  20  2:00  Queen  
  22  2:02  Queen  
  22  2:03  Zergling x4  
  26  2:10  Drone  
  26  2:14  Drone, Metabolic Boost  
  28  2:21  Drone  
  29  2:24  Drone  
  30  2:35  Drone x2  
  32  2:41  Hatchery  
  31  2:45  Overlord  
  31  2:51  Queen  
  31  2:53  Drone  
  31  2:55  Drone  
  31  2:57  Drone  
  36  3:04  Drone  
  37  3:06  Queen  
  37  3:11  Drone  
  37  3:12  Drone x2  
  41  3:16  Overlord  
  41  3:18  Drone  
  42  3:21  Drone  
  43  3:34  Drone, Queen  
  43  3:36  Zergling x2  
  43  3:39  Zergling x2  
  43  3:40  Overlord  
  48  3:47  Queen  
  50  3:50  Drone  
  50  3:52  Zergling x2  
  50  3:54  Drone  
  53  3:59  Queen, Overlord  
  53  4:00  Drone x2  
  53  4:02  Drone x2  
  59  4:09  Overlord  
  59  4:12  Spore Crawler  
  59  4:17  Overlord  
  58  4:18  Drone x5  
  58  4:22  Queen  
  65  4:28  Overlord  
  65  4:30  Drone x2  
  67  4:35  Drone x2  
  67  4:36  Overlord  
  69  4:38  Drone x2  
  69  4:42  Drone  
  69  4:43  Queen  
  74  4:47  Drone x2  
  74  4:48  Lair  
  74  4:50  Extractor  
  74  4:51  Drone x2  
  77  5:01  Zergling x6  
  77  5:02  Drone x3  
  77  5:03  Drone, Queen  
  77  5:05  Overlord  
  82  5:08  Drone  
  82  5:10  Evolution Chamber  
  82  5:16  Drone  
  82  5:19  Drone x3  
  82  5:20  Hatchery  
  85  5:22  Drone x2  
  85  5:24  Zergling x2  
  85  5:26  Spore Crawler  
  85  5:29  Drone x3  
  85  5:30  Drone  
  85  5:31  Drone  
  85  5:32  Drone  
  85  5:34  Extractor  
  85  5:35  Extractor  
  88  5:40  Zerg Melee Weapons Level 1, Queen  
  90  5:43  Drone x2, Overlord  
  90  5:44  Drone  
  90  5:48  Extractor x2  
  90  5:49  Drone, Overlord  
  93  5:50  Drone  
  93  5:53  Drone  
  93  5:56  Spire  
  93  6:03  Zergling x14  
  100  6:09  Queen  
  100  6:10  Overlord  
  102  6:11  Queen  
  102  6:15  Drone x2  
  106  6:19  Drone x2  
  106  6:22  Overlord  
  106  6:24  Drone x3  
  106  6:25  Overseer  
  110  6:29  Roach Warren  
  110  6:30  Drone  
  110  6:31  Baneling Nest  
  109  6:36  Drone x6  
  114  6:41  Overlord  
  114  6:48  Queen  
  114  6:49  Infestation Pit  
  114  6:54  Spore Crawler  
  114  6:56  Overlord  
  114  7:00  Drone x3  
  114  7:08  Mutalisk x6  
  114  7:09  Mutalisk x2  
  114  7:14  Drone x3  
  114  7:15  Drone, Overlord  
  134  7:17  Drone  
  134  7:19  Zerg Flyer Weapons Level 1  
  134  7:20  Evolution Chamber  
  134  7:27  Overlord  
  133  7:33  Hive  
  133  7:37  Zerg Melee Weapons Level 2  
  133  7:39  Overlord  
  133  7:41  Drone x6  
  133  7:43  Extractor  
  138  7:44  Extractor  
  138  7:45  Overlord  
  138  7:46  Zerg Ground Armor Level 1  
  137  7:53  Zergling x16  
  137  7:57  Queen  
  147  8:02  Zergling x14  
  154  8:06  Hatchery  
  154  8:07  Zergling x12  
  154  8:09  Overlord  
  159  8:14  Queen x2  
  155  8:31  Drone x2  
  157  8:35  Queen  
  157  8:39  Drone x2  
  161  8:43  Drone x2  
  162  8:49  Overlord x2  
  162  8:50  Queen x2, Overlord  
  164  8:57  Zergling x20  
  164  9:01  Queen  
  173  9:07  Centrifugal Hooks, Overlord  
  173  9:08  Viper x4  
  184  9:12  Queen  
  179  9:25  Queen x2  
  179  9:27  Ultralisk Cavern  
  179  9:29  Spore Crawler  
  179  9:30  Baneling, Spore Crawler  
  179  9:31  Baneling x9  
  176  9:36  Queen  
  176  9:37  Spore Crawler  
  176  9:38  Adrenal Glands, Spore Crawler x3  
  171  9:39  Spore Crawler  
  171  9:41  Drone x2, Zerg Flyer Armor Level 1  
  171  9:42  Drone x3  
  171  9:45  Zerg Ground Armor Level 2  
  174  9:46  Spore Crawler x2  
  171  9:58  Baneling x3  
  167  10:02  Zerg Melee Weapons Level 3  
  167  10:05  Hatchery  
  166  10:11  Spore Crawler  
  166  10:12  Spore Crawler  
  166  10:13  Baneling x3  
  164  10:17  Chitinous Plating  
  164  10:19  Spore Crawler x2, Ultralisk x2  
  164  10:20  Infestor x2  
  177  10:26  Spore Crawler x2, Baneling x3  
  177  10:28  Zergling x6  
  177  10:34  Drone x2  
  180  10:35  Drone  
  180  10:36  Drone x4  
  180  10:37  Drone  
  186  10:45  Zergling x6  
  186  10:47  Queen  
  191  10:52  Drone x2  
  191  10:54  Ultralisk  
  191  10:55  Spore Crawler  
  191  10:56  Spore Crawler  
  197  11:00  Burrow  
  197  11:11  Baneling x5  
  197  11:12  Spore Crawler x3  
  197  11:18  Overseer x2  
  194  11:22  Spore Crawler  
  194  11:23  Spore Crawler x3  
  194  11:24  Drone x2, Spore Crawler  
  194  11:25  Drone x5, Spore Crawler  
  196  11:26  Extractor  
  196  11:28  Extractor  
  196  11:32  Ultralisk  
  199  11:39  Zerg Flyer Armor Level 2  
  198  11:42  Drone  
  198  11:44  Spore Crawler  
  198  11:48  Spore Crawler x2  
  198  11:49  Drone x2, Spore Crawler  
  198  11:50  Drone x2  
  199  12:00  Anabolic Synthesis  
  178  12:18  Zergling x22  
  178  12:19  Corruptor  
  178  12:20  Corruptor x4  
  198  12:24  Corruptor  
  196  12:30  Corruptor x2  
  200  12:44  Baneling x4  
  200  12:48  Hatchery  
  200  12:49  Spore Crawler x3  
  196  12:55  Baneling x3  
  196  13:11  Corruptor x3  
  196  13:12  Corruptor  
  200  13:17  Zerg Ground Armor Level 3  
  200  13:25  Spore Crawler  
  200  13:26  Spore Crawler x3  
  200  13:27  Drone x4  
  200  13:44  Spore Crawler  
  200  13:46  Spore Crawler  
  200  13:47  Drone, Spire  
  198  13:48  Spore Crawler  
  198  13:49  Baneling x3  
  198  13:53  Drone x2, Spore Crawler x2  
  198  13:54  Spore Crawler  
  198  13:55  Drone x4  
  200  14:02  Corruptor  
  198  14:10  Corruptor  
  198  14:14  Corruptor  
  200  14:19  Spore Crawler  
  200  14:20  Drone x2, Spore Crawler x3  
  200  14:23  Drone x2  
  200  14:35  Baneling  
  200  14:36  Spore Crawler, Baneling x5  
  199  14:40  Zerg Flyer Armor Level 3  
  199  15:03  Drone  
  199  15:06  Spore Crawler x3  
  196  15:12  Spore Crawler x2  
  185  15:28  Zergling x20  
  181  15:29  Corruptor x9  
  181  15:31  Ultralisk  
  181  15:32  Zergling x2  
  200  15:49  Baneling x7  
  200  15:59  Baneling  
  200  16:00  Baneling x2  
  200  16:08  Zerg Flyer Weapons Level 2  
  200  16:09  Baneling x3  
  200  16:10  Baneling x2  
  186  16:57  Zergling x14  
  186  16:58  Zergling x2  
  191  17:05  Infestor x4  
  199  17:23  Spore Crawler  
  199  17:24  Spore Crawler  
  199  17:25  Drone x3, Spore Crawler  
  199  17:26  Spore Crawler x2, Greater Spire  
  199  17:28  Overseer x2  
  199  17:29  Baneling  
  197  17:30  Baneling x11, Extractor x2  
  197  17:33  Drone x3  
  198  17:40  Spore Crawler x6  
  192  17:51  Pathogen Glands  
  192  17:56  Pneumatized Carapace  
  192  17:58  Overseer x6  
  190  18:04  Hatchery  
  190  18:05  Zergling x22  
  196  18:32  Zerg Flyer Weapons Level 3  
  196  18:34  Baneling x3  
  195  18:47  Neural Parasite  
  170  18:58  Ultralisk x2  
  170  18:59  Corruptor x3  
  170  19:02  Zergling x12  
  185  19:09  Brood Lord x7  
  198  19:24  Zergling x2  
  198  19:25  Zergling x2  
  198  19:28  Zergling x6  
  195  19:41  Drone x2  
  195  19:42  Viper  
  199  20:05  Baneling x6  
  199  20:35  Spore Crawler  
  197  20:36  Viper, Spore Crawler  
  197  20:37  Spore Crawler  
  198  20:43  Spore Crawler  
  198  20:44  Spore Crawler  
  196  21:00  Zergling x6  
  199  21:05  Drone x2  
  199  21:17  Corruptor x2  
  199  21:20  Hatchery  
  195  21:29  Baneling x4  
  195  21:30  Zergling x2  
  195  21:31  Zergling x14  
  200  21:40  Drone, Spore Crawler  
  200  21:41  Drone, Spore Crawler x2  
  199  22:06  Baneling x4  
  199  22:07  Drone  
  200  22:10  Extractor  
  199  22:16  Infestor x6  
  199  22:25  Hatchery  
  182  23:14  Corruptor  
  182  23:15  Corruptor x6  
  169  23:31  Corruptor x8  
  169  23:32  Corruptor  
  165  23:41  Infestor x2  
  165  23:42  Infestor x3  
  165  23:44  Brood Lord x3  
  165  23:46  Corruptor x3  
  165  23:47  Viper x3  
  186  23:51  Corruptor x4  
  194  24:06  Corruptor  
  194  24:07  Corruptor x2  
  193  24:21  Zergling x6  
  196  24:27  Hatchery  
  195  24:50  Spore Crawler x2  
  195  24:52  Zergling x14  
  200  24:55  Spore Crawler x2  
  200  24:56  Spore Crawler x2  
  200  24:57  Spore Crawler  
  200  24:58  Spine Crawler x2  
  193  25:06  Queen x2  
  197  25:07  Spine Crawler  
  197  25:09  Spine Crawler  
  169  25:30  Corruptor x8  
  169  25:33  Zergling x2  
  169  25:34  Zergling x16  
  185  26:10  Baneling x4  
  185  26:11  Baneling x2  
  185  26:22  Hatchery  
  184  26:27  Drone x4  
  188  26:37  Extractor  
  188  26:38  Corruptor x6  
  199  26:48  Extractor  
  198  27:00  Infestor  
  198  27:16  Infestor x3  
  198  27:19  Corruptor  
  193  27:46  Baneling x8  
  193  27:47  Brood Lord x3  
  199  28:02  Zergling x2  
  200  28:05  Overseer  
  169  28:30  Zergling x20  
  169  28:32  Overlord x2  
  171  28:35  Viper, Infestor x2  
  171  28:36  Viper x2  
  171  28:38  Overlord x2  
  176  28:43  Overlord  
  176  28:44  Overlord  
  176  28:52  Corruptor x3  
  182  28:58  Ultralisk x2  
  182  29:01  Corruptor x3, Baneling x10  
  200  29:15  Baneling x7  
  200  29:33  Infestor x5  
  200  29:40  Overseer x3  
  196  30:04  Drone x3  
  186  30:17  Hatchery  
  182  30:25  Zergling x20  
  182  30:27  Corruptor x2  
  168  30:48  Corruptor x5  
  161  31:01  Overseer x3  
  153  31:05  Infestor x2  
  153  31:06  Viper x2  
  156  31:15  Brood Lord x6  
  168  31:20  Overseer  
  168  31:38  Viper x2  
  171  31:55  Hatchery  
  170  32:08  Baneling  
  170  32:20  Corruptor  
  170  32:21  Corruptor x3  
  178  32:28  Zergling x2  
  178  32:29  Zergling x8  
  181  32:30  Overlord  
  180  33:08  Drone x3  
  180  33:09  Drone  
  184  33:15  Extractor  
  184  33:18  Corruptor x7  
  195  33:35  Overseer  
  189  33:50  Corruptor x2  
  189  33:51  Overseer  
  189  33:54  Drone x2  
  191  34:23  Overlord  
  168  34:53  Zergling x12  
  167  35:02  Overlord  
  167  35:08  Corruptor x2  
  167  35:09  Corruptor x2  
  175  35:23  Corruptor x2  
  175  35:24  Viper  
  175  35:28  Viper, Zergling x10  
  187  36:03  Infestor  
  187  36:04  Viper x2  
  178  36:13  Zergling x4  
  178  36:16  Spore Crawler  
  178  36:18  Spore Crawler, Brood Lord  
  179  36:20  Zergling x10  
  179  36:21  Zergling x4  
  185  36:30  Brood Lord  
  185  36:46  Infestor  
  185  36:47  Zergling x24  
  197  37:10  Infestor  
  197  37:14  Corruptor  
  194  37:28  Infestor  
  186  37:31  Infestor  
  186  37:36  Zergling x22  
  180  37:43  Infestor, Brood Lord x3  
  184  37:56  Corruptor  
  168  38:29  Corruptor  
  168  38:30  Corruptor x2  
  154  38:50  Viper  
  154  38:51  Zergling x2  
  154  38:52  Zergling x22  
  154  38:53  Zergling x2  
  154  38:54  Zergling x28  
  154  39:22  Zergling x14  
  150  39:25  Overlord  
  144  39:33  Zergling x8  
  148  39:39  Overseer, Extractor  
  148  39:40  Hatchery  
  148  39:42  Extractor  
  145  39:47  Overlord  
  97  41:15  Drone x3  
  100  41:24  Zergling x10  
  104  41:28  Zergling x14  
  91  41:34  Zergling x14  
  94  41:54  Infestor  
Tags
 
Add a new tag
Caveats
  • Supply blocks, unpowered buildings, or Contaminate may cause inaccurate times.
  • Supply counts are checked every 10 seconds.